Map: King Sejong Station LE

Players

Amix - Winner!

  • Race: Zerg Zerg
  • League: Platinum
  • Spawn Location: 5:00

ShoushI

  • Race: Terran Terran
  • Spawn Location: 11:00

VOD

Have the link to the VOD?

Description

Time

  • Played on: Nov. 15, 2016, 5:14 p.m.
  • Length: 5:43
Show
View Real Time Build Order
Export as new Build Order

Amix Zerg - Winner!

Build Orders: Hatch First 

Get SALT Encoding   

  12  0:01  Drone  
  13  0:10  Drone  
  14  0:17  Overlord  
  14  0:24  Drone, Extractor  
  15  0:35  Drone  
  16  0:36  Drone  
  17  0:53  Hatchery  
  17  0:56  Drone  
  17  1:00  Extractor  
  17  1:01  Drone  
  17  1:17  Spawning Pool  
  16  1:18  Drone  
  16  1:24  Drone  
  18  1:29  Drone  
  19  1:40  Overlord  
  19  1:48  Drone  
  20  2:01  Drone  
  21  2:04  Queen  
  21  2:05  Metabolic Boost  
  23  2:09  Queen  
  23  2:14  Drone  
  26  2:16  Zergling x2  
  26  2:20  Zergling x2  
  28  2:23  Drone  
  28  2:28  Drone  
  30  2:31  Drone  
  31  2:44  Drone x2  
  32  3:02  Queen  
  34  3:05  Pneumatized Carapace  
  34  3:06  Drone x2  
  34  3:10  Overlord x2  
  36  3:29  Zergling x6  
  39  3:39  Evolution Chamber  
  39  3:40  Zergling x10  
  39  3:41  Zergling x4  
  44  3:42  Zergling x2  
  44  3:44  Queen  
  48  3:53  Zergling x4  
  50  4:03  Overlord  
  50  4:04  Overlord  
  50  4:18  Zergling x4  
  52  4:43  Zergling x8  
  52  4:44  Zergling x4  
  58  4:47  Queen  
  58  4:51  Zergling x6  
  63  4:56  Zergling x8  
  63  4:57  Zergling x2  
Show
View Real Time Build Order
Export as new Build Order

ShoushI Terran 

Build Orders: Reaper Expand 

Get SALT Encoding   

  12  0:01  SCV  
  13  0:17  SCV  
  13  0:18  Supply Depot  
  14  0:32  SCV  
  15  0:36  Refinery  
  15  0:41  Barracks  
  15  0:47  SCV  
  16  1:02  SCV  
  17  1:14  SCV  
  18  1:18  Refinery  
  18  1:29  Reaper  
  19  1:39  Command Center  
  19  1:50  Supply Depot  
  19  2:03  Factory  
  19  2:15  Orbital Command  
  19  2:32  Barracks Reactor  
  19  3:20  Barracks Tech Lab  
  19  3:24  Hellion x2  
  23  3:36  SCV  
  23  3:40  Marine  
  25  3:45  Hellion x2  
  25  3:48  SCV  
  30  3:57  Marine  
  31  4:15  Marine  
  32  4:18  Barracks x2  
  32  4:19  Barracks, SCV  
  32  4:22  SCV  
  35  4:31  SCV  
  35  4:33  Marine  
Tags
 
Add a new tag
Caveats
  • Supply blocks, unpowered buildings, or Contaminate may cause inaccurate times.
  • Supply counts are checked every 10 seconds.